cohdb
Replays
Latest Replays
All Replays
Popular Replays
Top Player Replays
Match Explorer
How It Works
Community
CoH3 Stats
Reddit
Sign in to upload your games and track your stats! →
Sign in with Steam
Match 20303288
Unlisted
Match 20303288
Overview
Messages
Build Orders
End
Construct Barracks
Riflemen Squad
Riflemen Squad
Riflemen Squad
Construct Medical Station
Riflemen Squad
Infantry Support Center
Munitions Surplus
M1918 Browning Automatic Rifles
Construct Motor Pool
Selects Armored Battlegroup
Selects Veteran Crews
Selects Strength in Steel
Selects Seek and Destroy
Selects UNKNOWN (2160077)
M8 Greyhound Armored Car
M1 Anti-tank Gun Team
Engineer Squad
Grenade Package
Selects M31 Recovery Vehicle
Selects War Machine
Construct Tank Depot
Captain Retinue
M4A3E8 Sherman Easy Eight
Demolitions Package
M4A3E8 Sherman Easy Eight
Engineer Squad
M4A3E8 Sherman Easy Eight
M31 Recovery Vehicle
kuzu1
kerem
sunsetistaken
the_macbeth_
GeneralTicktack
tosken
0
0
Comments
sign in to comment!
No comments posted yet!